 Dungeon Crawl Stone Soup version 0.25-a0-245-gd0e028f (webtiles) character file.

Game seed: 7738864899216914294, levelgen mode: deterministic

3556 HungryMoth the Transmogrifier (level 9, 0/74 HPs)
             Began as a Grey Draconian Transmuter on Dec 2, 2019.
             Was a Follower of Wu Jian.
             Slain by an orc warrior
             ... wielding a +0 trident
              (7 damage)
             ... on level 8 of the Dungeon.
             The game lasted 00:23:18 (7171 turns).

HungryMoth the Transmogrifier (DrTm)                Turns: 7171, Time: 00:23:18

Health: 0/74       AC: 13    Str: 13    XL:     9   Next: 83%
Magic:  14/17      EV: 15    Int: 14    God:    Wu Jian [*.....]
Gold:   361        SH:  0    Dex: 14    Spells: 7/18 levels left

rFire    x . .     SeeInvis .     - Unarmed
rCold    + . .     Gourm    .   (shield currently unavailable)
rNeg     . . .     Faith    .   (armour unavailable)
rPois    .         Spirit   .   E - +0 hat
rElec    .         Reflect  .   C - +0 cloak
rCorr    .         Harm     .   (gloves currently unavailable)
MR       .....                  (no boots)
Stlth    +.........             (no amulet)
HPRegen  0.62/turn              o - +2 ring of slaying
MPRegen  0.15/turn              p - ring of ice

@: lethally poisoned (0 -> 0), blade hands
A: walk through water, unfitting armour, beak, sense surroundings 1,
regeneration 1, unbreathing, cold-blooded, AC +12
a: End Transformation, Renounce Religion


You were on level 8 of the Dungeon.
You worshipped Wu Jian.
Wu Jian was aware of your devotion.
You were not hungry.
You had blades for hands.
You visited 2 branches of the dungeon, and saw 9 of its levels.

You collected 361 gold pieces.

Inventory:

Missiles
 a - 121 arrows
Armour
 C - a +0 cloak (worn)
 E - a +0 hat (worn)
Jewellery
 o - a +2 ring of slaying (left scythe-like blade)
 p - a ring of ice (right scythe-like blade)
 P - an uncursed ring of fire {unknown}
Scrolls
 h - 4 scrolls of remove curse
 y - 3 scrolls of fear
 H - a scroll of noise {unknown}
 J - 3 scrolls of identify
 K - a scroll of amnesia
 N - a scroll of random uselessness {unknown}
 Q - a scroll of enchant weapon {unknown}
Potions
 G - a potion of agility {unknown}
 I - a potion of might
 M - a potion of ambrosia {unknown}
 O - a potion of curing
Comestibles
 c - 12 rations


   Skills:
 + Level 5.2 Fighting
 + Level 5.1 Dodging
 * Level 5.3 Unarmed Combat
 - Level 5.3 Spellcasting
 - Level 10.1 Transmutations


You had 7 spell levels left.
You knew the following spells:

 Your Spells              Type           Power        Failure   Level  Hunger
a - Beastly Appendage     Tmut           ####..       10%         1    None
b - Sticks to Snakes      Tmut           ####....     11%         2    ##.....
c - Spider Form           Tmut/Pois      ###.......   36%         3    ###....
d - Blade Hands           Tmut           ####......   41%         5    ######.

Your spell library contained the following spells:

 Spells                   Type           Power        Failure   Level  Hunger
 Ice Form                 Ice/Tmut       ####....     65%         4    ####...


Dungeon Overview and Level Annotations

Branches:
Dungeon (8/15)             Temple (1/1) D:4
   Lair: D:8-11

Altars:
Ashenzari
Cheibriados
Dithmenos
Elyvilon
Fedhas
Gozag
Hepliaklqana
Kikubaaqudgha
Makhleb
Nemelex Xobeh
Okawaru
Qazlal
Ru
Sif Muna
Trog
Uskayaw
Vehumet
Wu Jian
Xom
Zin
The Shining One


Innate Abilities, Weirdness & Mutations

You can walk through water.
Your dull iron-grey scales are very hard. (AC +12)
You cannot fit into any form of body armour.
You can survive without breathing.
You are cold-blooded and may be slowed by cold attacks.
You have a beak for a mouth.
You passively map a small area around you.
Your natural rate of healing is unusually fast.


Message History

The worker ant is severely wounded.
The worker ant barely misses you. The orc warrior completely misses you.
The worker ant bites you.
* * * LOW HITPOINT WARNING * * *
You see here an adder corpse.
You spin and attack the orc warrior.
You hit the orc warrior but do no damage.
You peck the orc warrior.
Your tail-slap misses the orc warrior.
The orc warrior is almost dead.
You spin and attack the worker ant.
You hit the worker ant but do no damage.
The worker ant is severely wounded.
The orc warrior closely misses you. The worker ant closely misses you.
Things that are here:
a +0 club; an orc corpse You barely miss the orc warrior.
The orc warrior is almost dead.
You feel sick. The worker ant completely misses you.
The orc warrior hits you with a +0 trident!
You die...

*,,,,,,,,,,,,**,,,,
#=........,,,,,,,**
##.........,,,,*****
#........#,,,,,* *,
#........#**,,** *,
#........# **** *,
#........# **
#..oa....#
#.[@†....#
#........#**
#..........#***
#...........*,**
#.......#...,,,***
#<.....##*#.,,,,,* *
#.......# *,,,,,,***
#....#..#**,,,,,,,**
##<..##..#*,,,,,,,,*


You could see an orc warrior (pinned) and a worker ant (pinned).

Vanquished Creatures
  Grinder (D:5)
  Prince Ribbit (D:6)
  Sigmund (D:3)
  2 black bears (D:7)
  2 sky beasts
  3 phantoms
  An ice beast (D:7)
  A necrophage (D:7)
  2 orc warriors
  6 ogres
  2 centaurs
  A bullfrog (D:8)
  2 scorpions
  A howler monkey (D:4)
  4 crimson imps
  A bullfrog zombie (D:5)
  A quasit (D:7)
  A centaur skeleton (D:6)
  2 hounds
  3 orc priests
  A gnoll shaman (D:5)
  5 orc wizards
  3 iguanas
  10 worker ants
  A hound zombie (D:8)
  A hound skeleton (D:5)
  8 gnolls
  14 adders
  An adder zombie (D:5)
  2 adder skeletons
  3 worms
  2 dart slugs
  7 leopard geckos
  35 orcs
  3 giant cockroaches
  4 goblins
  8 hobgoblins
  5 kobolds
  6 quokkas
  2 ball pythons
  4 bats
  4 frilled lizards
  A jackal skeleton (D:6)
  2 quokka skeletons
  7 rats
177 creatures vanquished.

Notes
Turn   | Place    | Note
-------+----------+-------------------------------------------
     0 | D:1      | HungryMoth the Draconian Transmuter began the quest for the
                  | Orb.
     0 | D:1      | Reached XP level 1. HP: 16/16 MP: 3/3
   192 | D:1      | Reached XP level 2. HP: 17/23 MP: 5/5
  1015 | D:2      | Learned a level 2 spell: Sticks to Snakes
  1030 | D:2      | Reached XP level 3. HP: 27/29 MP: 6/6
  1517 | D:2      | Found a faded altar of an unknown god.
  1756 | D:2      | Reached XP level 4. HP: 37/37 MP: 7/7
  1965 | D:3      | Noticed Sigmund
  1982 | D:3      | Learned a level 3 spell: Spider Form
  1998 | D:3      | Found a glowing silver altar of Zin.
  2030 | D:3      | Found a shattered altar of Ashenzari.
  2041 | D:3      | Killed Sigmund
  2041 | D:3      | Reached XP level 5. HP: 23/45 MP: 1/8
  2160 | D:3      | Found a glowing drain.
  2689 | D:3      | Reached XP level 6. HP: 40/52 MP: 9/9
  3441 | D:4      | Reached skill level 5 in Unarmed Combat
  3462 | D:4      | Your scales start taking on a dull iron-grey colour.
  3462 | D:4      | Reached XP level 7. HP: 60/60 MP: 1/10
  3462 | D:4      | Gained mutation: You can survive without breathing. [Grey
                  | Draconian growth]
  3665 | D:4      | Reached skill level 5 in Fighting
  3861 | D:4      | Reached skill level 5 in Dodging
  4223 | D:4      | Reached skill level 3 in Transmutations
  4226 | D:4      | Gained mutation: You have a beak for a mouth. [potion of
                  | mutation]
  4226 | D:4      | Gained mutation: You passively map a small area around you.
                  | [potion of mutation]
  4226 | D:4      | Gained mutation: You are occasionally teleported next to
                  | monsters. [potion of mutation]
  4226 | D:4      | Gained mutation: Your flesh is cold resistant. (rC+)
                  | [potion of mutation]
  4468 | D:4      | Learned a level 5 spell: Blade Hands
  4502 | D:4      | Found a staircase to the Ecumenical Temple.
  4516 | Temple   | Entered the Ecumenical Temple
  4763 | D:5      | Entered Level 5 of the Dungeon
  5003 | D:5      | Reached XP level 8. HP: 62/68 MP: 13/13
  5098 | D:5      | Reached skill level 4 in Transmutations
  5236 | D:5      | Reached skill level 5 in Transmutations
  5385 | D:5      | Lost mutation: Your flesh is cold resistant. (rC+) [potion
                  | of mutation]
  5385 | D:5      | Lost mutation: You are occasionally teleported next to
                  | monsters. [potion of mutation]
  5385 | D:5      | Gained mutation: Your natural rate of healing is unusually
                  | fast. [potion of mutation]
  5417 | D:5      | Found an ornate altar of the Wu Jian Council.
  5422 | D:5      | Became a worshipper of the Wu Jian Council
  5479 | D:5      | Noticed Grinder
  5480 | D:5      | Paralysed by Grinder for 6 turns
  5493 | D:5      | Killed Grinder
  5493 | D:5      | Reached skill level 5 in Spellcasting
  5575 | D:6      | Noticed Prince Ribbit
  5597 | D:6      | Killed Prince Ribbit
  5597 | D:6      | Reached skill level 6 in Transmutations
  5810 | D:6      | Reached XP level 9. HP: 63/74 MP: 17/17
  5853 | D:6      | Found a shimmering blue altar of Sif Muna.
  5853 | D:6      | Found a burning altar of Makhleb.
  5858 | D:6      | Found an ornate altar of the Wu Jian Council.
  5863 | D:6      | Found an ancient bone altar of Kikubaaqudgha.
  5865 | D:6      | Found a sacrificial altar of Ru.
  5922 | D:6      | Reached skill level 7 in Transmutations
  6116 | D:6      | Reached * piety under Wu Jian
  6163 | D:6      | Reached skill level 8 in Transmutations
  6732 | D:7      | Reached skill level 9 in Transmutations
  6932 | D:7      | Reached skill level 10 in Transmutations
  7171 | D:8      | Slain by an orc warrior

Levels and vault maps discovered:
D:1:      minmay_arrival_plants_in_alcoves, layout_basic
D:2:      layout_basic, chequers_ecumenical_altar_simple_redux
D:3:      layout_basic, zin_academy, nicolae_ashenzari_panopticon,
          portal_sewer_entry_d, uniq_sigmund
D:4:      layout_basic, minmay_temple_entry_tees, first_ration, st_stairs_11
D:5:      layout_gridville, basic_altar, grunt_ministairs_11,
          minmay_misc_feat_chi, st_stairs_6, uniq_grinder
D:6:      layout_loops_ring, chequers_temple_overflow_minitemple,
          uniq_prince_ribbit1
D:7:      layout_loops_ring
D:8:      wad_woods_minihive, layout_cave_pods,
          nicolae_ossuary_entry_false_entrances, eino_tiny_chamber, uniq_maurice
Temple:   zaba_magenta_temple

Skill      XL: |  1  2  3  4  5  6  7  8  9 |
---------------+----------------------------+-----
Dodging        | 2 3 4 5 |  5.1
Fighting       | 2 3 4 5 |  5.2
Unarmed Combat | 4 5 |  5.3
Spellcasting   | 3 5 |  5.3
Transmutations | 3 6 10 | 10.1

Action                   |  1- 3 |  4- 6 |  7- 9 || total
-------------------------+-------+-------+-------++-------
Melee: Unarmed           |   102 |   105 |   393 ||   600
       Tailslap          |    11 |    13 |    44 ||    68
       Kick              |     7 |     5 |    35 ||    47
       Headbutt          |     1 |     5 |    13 ||    19
       Punch             |       |     3 |    10 ||    13
       Peck              |       |       |    61 ||    61
 Cast: Beastly Appendage |     8 |    11 |    24 ||    43
       Sticks to Snakes  |       |     4 |     9 ||    13
       Spider Form       |       |     2 |     1 ||     3
       Blade Hands       |       |       |     7 ||     7
Invok: Lunge             |       |       |    18 ||    18
       Whirlwind         |       |       |    15 ||    15
 Abil: End Transformatio |       |       |     1 ||     1
  Use: Scroll            |       |     4 |     6 ||    10
       Potion            |       |       |    10 ||    10
 Stab: Distracted        |       |       |     1 ||     1
       Sleeping          |       |       |     1 ||     1
  Eat: Chunk             |     3 |     6 |    15 ||    24
Armor: Skin              |    22 |    24 |   108 ||   154
Dodge: Dodged            |    52 |    63 |   238 ||   353

Table legend:
 A = Non-vault XP
 B = Vault XP
 C = Vault XP percentage of total XP
 D = Non-vault monster count
 E = Vault monster count
 F = Vault count percentage of total count
                 A         B        C        D         E       F
            +---------+---------+-------+---------+---------+-------
      Total |    4155 |     926 |  18.2 |     169 |       8 |   4.5
            +---------+---------+-------+---------+---------+-------
        D:1 |      24 |       0 |   0.0 |      12 |       0 |   0.0
        D:2 |      75 |       0 |   0.0 |      21 |       0 |   0.0
        D:3 |      84 |     215 |  71.9 |      24 |       2 |   7.7
        D:4 |     888 |      33 |   3.6 |      34 |       1 |   2.9
        D:5 |     694 |     423 |  37.9 |      21 |       4 |  16.0
        D:6 |     794 |     255 |  24.3 |      29 |       1 |   3.3
        D:7 |    1467 |       0 |   0.0 |      23 |       0 |   0.0
        D:8 |     129 |       0 |   0.0 |       5 |       0 |   0.0
            +---------+---------+-------+---------+---------+-------
